 Dungeon Crawl Stone Soup version 0.30-a0-359-gd0147acb1a (webtiles) character file.

Game seed: 9960096662115134567

30354 lunkers the Carver (level 13, -5/111 HPs)
             Began as an Armataur Berserker on Nov 10, 2022.
             Was an Elder of Trog.
             Slain by a death yak (16 damage)
             ... on level 4 of the Lair of Beasts on Nov 13, 2022.
             The game lasted 00:25:57 (17812 turns).

lunkers the Carver (Armataur Berserker)            Turns: 17812, Time: 00:25:57

Health: -5/111     AC: 13    Str: 38    XL:     13   Next: 20%
Magic:  13/13      EV:  8    Int:  8    God:    Trog [****..]
Gold:   834        SH: 11    Dex: 10    Spells: 12/12 levels left

rFire   . . .      SeeInvis .    b - +2 double sword (vorpal)
rCold   + + +      Faith    .    Q - +0 kite shield
rNeg    . . .      Spirit   .    N - +3 leather armour "Orulen" {+Blink rC+++ Str+2 Dex-3}
rPois   .          Reflect  .    M - +0 helmet
rElec   .          Harm     .    o - +1 cloak
rCorr   .          Roll     +    P - +1 pair of gloves {hurl}
Will    ++...                    (no barding)
Stlth   +.........               (no amulet)
HPRegen 1.38/turn                i - +6 ring of strength
MPRegen 0.13/turn                C - +6 ring of strength

@: strong-willed, on berserk cooldown, regenerating, slowed, very slow
A: large, rugged brown scales 3, deformed body, armoured tail, roll, long
tongue, awkward tongue
a: Renounce Religion, Evoke Blink, Berserk, Trog's Hand, Brothers in Arms


You were on level 4 of the Lair of Beasts.
You worshipped Trog.
Trog was greatly pleased with you.
You visited 2 branches of the dungeon, and saw 14 of its levels.
You also visited: Sewer and Ossuary.

You collected 834 gold pieces.

Inventory:

Hand Weapons
 a - a +2 demon blade of draining
 b - a +2 vorpal double sword (weapon)
 R - a +1 long sword
Missiles
 f - 2 throwing nets
 g - 3 curare-tipped darts
 A - 6 javelins
 G - 3 boomerangs
 J - 25 poisoned darts
Armour
 o - a +1 cloak (worn)
 v - a +0 plate armour
 x - a +1 pair of gloves
 y - +0 acid dragon scales
 E - a +0 tower shield
 L - +0 steam dragon scales
 M - a +0 helmet (worn)
 N - the +3 leather armour "Orulen" (worn) {+Blink rC+++ Str+2 Dex-3}
   (You found it on level 1 of the Lair of Beasts)

   Str:       It affects your strength (+2).
   Dex:       It affects your dexterity (-3).
   rC:        It renders you almost immune to cold.
   +Blink:    It lets you blink.
 P - a +1 pair of gloves of hurling (worn)
 Q - a +0 kite shield (worn)
 U - a scarf of repulsion
Jewellery
 i - a +6 ring of strength (left hand)
 C - a +6 ring of strength (right hand)
Wands
 e - a wand of digging (4)
 s - a wand of light (14)
 t - a wand of paralysis (7)
 w - a wand of flame (5)
 D - a wand of roots (5)
Scrolls
 h - a scroll of vulnerability
 j - 7 scrolls of teleportation
 l - 4 scrolls of enchant armour
 r - a scroll of blinking
 z - a scroll of summoning
 B - 6 scrolls of fear
 I - a scroll of butterflies
 S - 2 scrolls of identify
Potions
 c - 5 potions of lignification
 d - a potion of magic
 k - 6 potions of heal wounds
 m - 3 potions of attraction
 n - 5 potions of resistance
 p - 12 potions of curing
 q - a potion of cancellation
 u - 3 potions of flight
 F - 3 potions of ambrosia
 H - 3 potions of mutation
 K - 2 potions of might
 O - a potion of haste
 T - a potion of berserk rage {unknown}


   Skills:
 + Level 6.7 Fighting
 - Level 6.0(11.3) Short Blades
 * Level 14.7(15.2) Long Blades
 - Level 2.4 Armour
 - Level 1.3 Dodging
 + Level 11.7 Shields
 - Level 8.0 Evocations


You had 12 spell levels left.
You didn't know any spells.
Your spell library was empty.

Dungeon Overview and Level Annotations

Branches:
Dungeon (9/15)             Temple (0/1) D:4            Lair (5/5) D:9
 Shoals (0/4) Lair:2       Spider (0/4) Lair:3        Slime (0/5) Lair:4
    Orc (0/2) D:9           Sewer (visited)         Ossuary (visited)

Altars:
Dithmenos
Kikubaaqudgha
Makhleb
Okawaru
Qazlal
Ru
Vehumet

Annotations:
D:9 exclusion: 2 oklob plants


Innate Abilities, Weirdness & Mutations

You are completely covered in rugged brown scales. (AC +3, +7% HP)
Armour fits poorly on your strangely shaped body.
You have a long armoured tail.
You roll when moving toward enemies. (Rampage)
Your long tongue fully drains potion bottles. (2x potion effects)
Your tongue gives you trouble enunciating. (1.5x scroll delay)


Message History

There is a stone staircase leading up here.
The death yak closely misses you. The death yak gores you!!
* * * LOW HITPOINT WARNING * * *
You climb upwards.
There is a stone staircase leading down here.
Unknown command.
Unknown command.
As you slowly read the scroll of fear, it crumbles to dust.
You assume a fearsome visage.
The death yak looks frightened! x2
The death yak resists with some effort.
The death yak gores you!
* * * LOW HITPOINT WARNING * * *
The death yak closely misses you.
The death yak gores you but does no damage.
Unknown command.
Blink to where?
Press: ? - help, Dir - move target As you slowly read the scroll of blinking, it crumbles to dust.
Your skin crawls.
You feel strong-willed.
Unknown command.
Unknown command.
Aiming: Fastroot
Press: ? - help, Shift-Dir - straight line The roots erupt in riotous growth!
Roots grab the death yak.
The grasping roots constrict the death yak.
You block the death yak's attack.
Unknown command.
Unknown command.
The grasping roots constrict the death yak!!
The roots release their grip on the death yak.
The death yak gores you.
* * * LOW HITPOINT WARNING * * *
Aiming: Bolt of Light
Press: ? - help, Shift-Dir - straight line, f - death yak
Aim: a death yak (moderately wounded, 91% to hit)
The bolt of light hits the death yak!!
The death yak is heavily wounded.
The death yak is blinded.
The death yak gores you!
You die...

#...#........#...##.......##..#
#P..#........##..##........#..#
##..........###.[.#...........##
##.............................#
#P..>.........................##
#....#......P#...#............##
#...#...##...#................#.
##..#........#....#.......##...#
##..##......###@................
#...#....#..###Y..........#.....
##..#...P#....#:.#........#...##
#.......#...#................##
##...#..##....#..#.............#
#...##..#.........Y........#..##
#...##..............Y.........#
#...........##................#
##......>...###........^..##Y.##


You could see 3 death yaks.

Vanquished Creatures
  Harold (Lair:2)
  A hydra (Lair:4)
  A two-headed ogre (D:9)
  A death yak (Lair:5)
  Nergalle (Lair:2)
  A deep troll (Lair:1)
  An orb spider (Lair:3)
  A manticore (Lair:2)
  4 elephants (Lair:2)
  3 black mambas
  4 rime drakes
  11 cane toads
  9 komodo dragons
  4 meliai (Lair:2)
  A queen bee (Lair:2)
  2 polar bears
  A troll (D:9)
  The ghost of qeuew the Poker, an amateur MfGl (D:4)
  A hornet (Lair:5)
  10 blink frogs
  Sigmund (D:4)
  2 shadows (D:9)
  3 spriggans (Lair:5)
  17 yaks
  8 wyverns
  3 basilisks
  3 steam dragons
  An acid dragon (D:9)
  A floating eye (D:9)
  11 water moccasins
  2 sky beasts
  2 orc warriors
  2 black bears
  2 ogres
  Pargi (Sewer)
  16 wolves
  2 boggarts (Lair:5)
  4 phantoms
  A kobold brigand (D:8)
  8 bullfrogs
  3 scorpions
  A necrophage (D:5)
  A water moccasin zombie (D:5)
  3 wights (D:7)
  35 killer bees
  2 troll zombies (D:9)
  A howler monkey (D:6)
  An electric eel (Lair:1)
  A centaur zombie (Ossuary)
  A lava snake (Lair:2)
  3 human zombies (Ossuary)
  Crazy Yiuf (D:4)
  7 orc priests
  2 bullfrog skeletons (D:5)
  3 hounds
  A jelly (D:6)
  11 orc wizards
  2 iguanas
  A scorpion zombie (D:5)
  6 ogre zombies (D:9)
  2 hound zombies (D:5)
  2 mummies (Ossuary)
  6 adders
  2 river rats
  3 white imps
  An ufetubus (D:6)
  An adder zombie (Ossuary)
  3 worms
  3 dart slugs
  30 orcs
  12 endoplasms
  4 giant cockroaches
  7 goblins
  6 hobgoblins
  2 jackals (D:4)
  2 quokkas
  9 ball pythons
  8 bats
  8 frilled lizards
  5 goblin skeletons (D:9)
  A goblin zombie (Ossuary)
  12 hobgoblin zombies
  A jackal zombie (Ossuary)
  9 kobolds
  8 kobold zombies (Ossuary)
  2 orc skeletons (D:9)
  26 orc zombies
  6 rats
  2 rat zombies (Ossuary)
418 creatures vanquished.

Vanquished Creatures (others)
  8 fungi
  16 plants
24 creatures vanquished.

Grand Total: 442 creatures vanquished

Notes
Turn   | Place    | Note
-------+----------+-------------------------------------------
     0 | D:1      | lunkers the Armataur Berserker began the quest for the Orb.
     0 | D:1      | Reached XP level 1. HP: 19/19 MP: 1/1
   151 | D:1      | Reached XP level 2. HP: 18/26 MP: 2/2
  1026 | D:2      | Reached ** piety under Trog
  1143 | D:2      | Reached XP level 3. HP: 32/32 MP: 3/3
  2054 | D:3      | Found a shadowy altar of Dithmenos.
  2180 | D:3      | Found a burning altar of Makhleb.
  2197 | D:3      | Reached XP level 4. HP: 27/39 MP: 4/4
  2958 | D:4      | Found a radiant altar of Vehumet.
  3035 | D:4      | Found a staircase to the Ecumenical Temple.
  3082 | D:4      | Noticed a scorpion
  3089 | D:4      | Killed a scorpion
  3090 | D:4      | Reached skill level 5 in Short Blades
  3090 | D:4      | Reached XP level 5. HP: 44/44 MP: 5/5
  3162 | D:4      | Found a sand-covered staircase.
  3202 | Ossuary  | Entered an ossuary
  3260 | Ossuary  | Reached *** piety under Trog
  3511 | Ossuary  | Reached XP level 6. HP: 49/54 MP: 6/6
  3783 | D:4      | Reached skill level 1 in Long Blades
  3979 | D:4      | Found a runed translucent door.
  3991 | D:4      | Noticed qeuew's ghost (amateur MfGl)
  4016 | D:4      | Noticed Sigmund
  4032 | D:4      | Killed Sigmund
  4033 | D:4      | Reached skill level 3 in Long Blades
  4033 | D:4      | Reached XP level 7. HP: 60/60 MP: 7/7
  4172 | D:4      | Reached skill level 4 in Long Blades
  4568 | D:4      | Found a runed translucent door.
  4569 | D:4      | Noticed Crazy Yiuf
  4775 | D:4      | Killed Crazy Yiuf
  4939 | D:5      | Entered Level 5 of the Dungeon
  5037 | D:5      | Found a glowing drain.
  5056 | D:5      | Reached skill level 5 in Long Blades
  5081 | Sewer    | Entered a sewer
  5122 | Sewer    | Reached **** piety under Trog
  5162 | Sewer    | Noticed Pargi
  5166 | Sewer    | Killed Pargi
  5240 | Sewer    | Identified a scroll of acquirement
  5240 | Sewer    | Acquired a +2 demon blade of draining
  5330 | D:5      | Reached skill level 6 in Long Blades
  5330 | D:5      | Reached XP level 8. HP: 48/67 MP: 8/8
  5524 | D:5      | Reached skill level 7 in Long Blades
  6000 | D:6      | Reached skill level 8 in Long Blades
  6077 | D:6      | Identified the +3 sling of Pudoeb {vorpal, rCorr Str-4
                  | Dex+7}
  6229 | D:6      | Found a sacrificial altar of Ru.
  6605 | D:6      | Reached skill level 9 in Long Blades
  6679 | D:7      | Reached XP level 9. HP: 70/72 MP: 9/9
  7199 | D:7      | Reached skill level 10 in Long Blades
  7671 | D:8      | Reached skill level 1 in Evocations
  8195 | D:4      | Killed qeuew's ghost
  8768 | D:9      | Reached skill level 1 in Shields
  8792 | D:9      | Found a staircase to the Orcish Mines.
  8799 | D:9      | Noticed a two-headed ogre
  8820 | D:9      | Found a staircase to the Lair.
  8821 | D:9      | Noticed a komodo dragon
  8833 | D:9      | Killed a komodo dragon
  8834 | D:9      | Reached XP level 10. HP: 29/82 MP: 10/10
  9033 | D:9      | Reached skill level 5 in Evocations
  9125 | D:9      | Found an iron altar of Okawaru.
  9144 | D:9      | Reached skill level 11 in Long Blades
  9159 | D:9      | Found an ancient bone altar of Kikubaaqudgha.
  9304 | D:9      | Killed a two-headed ogre
  9476 | D:9      | Paralysed by a floating eye for 3 turns
  9677 | D:9      | Reached ***** piety under Trog
  9969 | D:9      | Noticed an oklob plant
 10084 | D:9      | Found a stormy altar of Qazlal.
 10107 | D:9      | Noticed an oklob plant
 10146 | D:9      | Reached skill level 5 in Shields
 10459 | Lair:1   | Entered Level 1 of the Lair of Beasts
 10521 | Lair:1   | Noticed a black mamba
 10529 | Lair:1   | Killed a black mamba
 10534 | Lair:1   | Upgraded the game from 0.30-a0-358-g0d69a1922f to
                  | 0.30-a0-359-gd0147acb1a
 10577 | Lair:1   | Identified the +3 leather armour "Orulen" {+Blink rC+++
                  | Str+2 Dex-3}
 10598 | Lair:1   | Noticed a cane toad
 10602 | Lair:1   | Noticed a cane toad
 10606 | Lair:1   | Killed a cane toad
 10613 | Lair:1   | Killed a cane toad
 10614 | Lair:1   | Reached skill level 12 in Long Blades
 11035 | Lair:1   | Reached XP level 11. HP: 87/87 MP: 11/11
 11655 | Lair:1   | Noticed a deep troll
 11664 | Lair:1   | Killed a deep troll
 12204 | Lair:2   | Reached skill level 13 in Long Blades
 12378 | Lair:2   | Found a staircase to the Shoals.
 12519 | Lair:2   | Found a radiant altar of Vehumet.
 12725 | Lair:2   | Noticed Nergalle
 12738 | Lair:2   | Killed Nergalle
 12895 | Lair:2   | Noticed Harold
 12915 | Lair:2   | Killed Harold
 12998 | Lair:2   | Reached XP level 12. HP: 83/95 MP: 12/12
 13550 | Lair:2   | Reached skill level 10 in Shields
 13578 | Lair:2   | HP: 4/98 [poisoned by a meliai]
 13958 | Lair:2   | Received a gift from Trog
 13966 | Lair:2   | Reached skill level 5 in Fighting
 14044 | Lair:2   | Identified the +3 scale mail "Wetiul" {Harm Slay+2}
 15564 | Lair:3   | Reached skill level 14 in Long Blades
 15678 | Lair:3   | Found a hole to the Spider Nest.
 16442 | Lair:4   | Identified the +0 helmet "Xaux" {rN+}
 16460 | Lair:4   | Noticed a seven-headed hydra
 16465 | Lair:4   | Killed a seven-headed hydra
 16548 | Lair:4   | Reached XP level 13. HP: 70/110 MP: 13/13
 17018 | Lair:4   | Found a staircase to the Slime Pits.
 17282 | Lair:5   | Entered Level 5 of the Lair of Beasts
 17804 | Lair:4   | HP: 4/111 [death yak (12)]
 17812 | Lair:4   | Slain by a death yak

Illustrated notes

Levels and vault maps discovered:
D:1:      arrival_zaba_pyramid, layout_basic
D:2:      layout_basic, minmay_misc_feat_x
D:3:      wander_river, layout_basic, mainiacjoe_overflow_brackets,
          general_overflow_altar, st_stairs_3
D:4:      black_bear_nest_2, layout_basic, lemuel_round_altar,
          minmay_temple_entry_tees, lightli_ossuary_entry_decrepit_ruins,
          ebering_ghost_reflecting_pool, uniq_crazy_yiuf_cottage, uniq_sigmund
D:5:      layout_rooms, serial_undead, serial_undead_d, serial_undead_b,
          serial_undead_c, serial_undead_a, cheibrodos_sewer_entry_sluice,
          chequers_decorated_corner, solitary_fountain
D:6:      layout_loops_ring, nicolae_ru_great_annihilating_truth,
          minmay_misc_feat_pillars, grunt_ministairs_11
D:7:      layout_rooms
D:8:      layout_loops_ring
D:9:      layout_big_octagon, kennysheep_mini,
          nicolae_kikubaaqudgha_miasma_corner, kennysheep_okawaru_gauntlet,
          david_lair_shrubbed, zombieorc2_lemuel, enter_bailey_3,
          minmay_misc_feat_square, disabler_island
Lair:1:   dreamdust_cave_troll, layout_chaotic_city, serial_forest,
          infiniplex_forest_lined_corner, infiniplex_forest_corner_1,
          infiniplex_forest_end_1, infiniplex_forest_end_1,
          infiniplex_forest_clump_small, infiniplex_forest_diagonal,
          infiniplex_forest_corner_1, infiniplex_forest_end_double,
          infiniplex_forest_straight_2, serial_bayou_lake_a
Lair:2:   regret_index_combs_of_tragedy, layout_gridlike,
          elwin_shoals_entry_rocks, basic_altar, serial_bayou_shore_b,
          uniq_harold, uniq_nergalle
Lair:3:   layout_gridlike, nicolae_spider_entry_orb_guardian,
          serial_bayou_shore_b
Lair:4:   layout_long_grid, slime_entry_1
Lair:5:   minmay_lair_end_enchanted_forest, layout_loops_ring

Skill      XL: |  1  2  3  4  5  6  7  8  9 10 11 12 |
---------------+-------------------------------------+-----
Short Blades   | 3 4 5 6 |  6.0
Fighting       | 3 6 |  6.7
Long Blades    | 3 6 9 10 12 13 14 | 14.7
Evocations     | 4 5 7 8 |  8.0
Shields        | 1 7 9 11 | 11.7
Armour         | |  2.4
Dodging        | |  1.3

Action                   |  1- 3 |  4- 6 |  7- 9 | 10-12 | 13-15 || total
-------------------------+-------+-------+-------+-------+-------++-------
Melee: Short sword       |   175 |   242 |       |       |       ||   417
       Tailslap          |    21 |    43 |    64 |    99 |    10 ||   237
       Punch             |       |     4 |     2 |       |       ||     6
       Long sword        |       |    30 |    83 |       |       ||   113
       Demon blade       |       |       |   325 |   574 |       ||   899
       Double sword      |       |       |       |   184 |    98 ||   282
Invok: Berserk           |     1 |     4 |     4 |    16 |     4 ||    29
       Trog's Hand       |       |       |       |     2 |     1 ||     3
Evoke: Wand              |       |       |       |     5 |     5 ||    10
  Use: Potion            |     1 |       |     1 |       |       ||     2
       Scroll            |       |    11 |    12 |     6 |     3 ||    32
 Stab: Paralysed         |       |       |     1 |       |       ||     1
       Distracted        |       |       |       |     2 |       ||     2
       Invisible         |       |       |       |       |     1 ||     1
Armor: Animal skin       |    40 |    13 |       |       |       ||    53
       Plate armour      |       |    99 |   216 |       |       ||   315
       Steam dragon scal |       |       |    33 |       |       ||    33
       Acid dragon scale |       |       |     2 |    74 |       ||    76
       Leather armour    |       |       |       |   202 |    54 ||   256
Dodge: Dodged            |    76 |    53 |    99 |   205 |    33 ||   466
Block: Tower shield      |       |       |    29 |   176 |       ||   205
       Kite shield       |       |       |       |   238 |    66 ||   304

Table legend: (Time is in decaauts)
 A = Elapsed time spent in this place.
 B = Non-inter-level travel time spent in this place.
 C = Inter-level travel time spent in this place.
 D = Time resting spent in this place.
 E = Time spent auto-exploring this place.
 F = Levels seen in this place.
 G = Mean time per level.
                   A        B        C        D        E       F      G
               +--------+--------+--------+--------+--------+-----+--------+
         Total |  17904 |  17147 |    757 |   1012 |  13226 |  16 | 1119.0 |
       Dungeon |   9883 |   9367 |    516 |     77 |   7753 |   9 | 1098.1 |
          Lair |   7380 |   7139 |    241 |    935 |   5114 |   5 | 1476.0 |
         Sewer |    223 |    223 |      0 |      0 |    139 |   1 |  223.0 |
       Ossuary |    417 |    417 |      0 |      0 |    218 |   1 |  417.0 |
               +--------+--------+--------+--------+--------+-----+--------+

Top non-repeatable levels by time:
  Lair:2: 2994 daAuts
     D:4: 1770 daAuts
     D:9: 1741 daAuts
  Lair:1: 1499 daAuts
  Lair:3: 1413 daAuts
  Lair:4: 1241 daAuts
     D:2: 1174 daAuts
     D:7: 929 daAuts
     D:8: 907 daAuts
     D:5: 895 daAuts
     D:3: 887 daAuts
     D:1: 822 daAuts
     D:6: 756 daAuts
 Ossuary: 417 daAuts
  Lair:5: 230 daAuts
